 Dungeon Crawl Stone Soup version bcrawl-1.21.3-2-g9d8a61a446 (webtiles) character file.

Game seed: 13307287756967946488

56 Edwards80 the Cudgeler (level 3, -1/23 HPs)
             Began as a Gargoyle Monk on Apr 21, 2020.
             Slain by Crazy Yiuf
             ... wielding a +2 quarterstaff of chaos
              (5 damage)
             ... on level 3 of the Dungeon.
             The game lasted 00:06:03 (1942 turns).

Edwards80 the Cudgeler (Gargoyle Monk)              Turns: 1942, Time: 00:06:03

Health: -1/23      AC:  5    Str: 15    XL:     3   Next: 95%
Magic:  0/4        EV: 12    Int: 10    God:
Gold:   122        SH:  0    Dex: 12    Spells: 2/2 levels left

rFire    . . .     SeeInvis .   a - +0 mace
rCold    . . .     Gourm    .   (no shield)
rNeg     + . .     Faith    .   b - +0 robe
rPois    ∞         Spirit   +   c - +0 hat
rElec    +         Reflect  .   (no cloak)
rCorr    .         Harm     .   (no gloves)
MR       .....                  (no boots)
Stlth    ++........             d - amulet of guardian spirit
HPRegen  0.07/turn              (no ring)
MPRegen  0.09/turn              (no ring)

@: hasted, very quick
A: negative energy resistance 1, electricity resistance, unbreathing,
petrification resistance, rot immunity, AC +3
a: no special abilities


You were on level 3 of the Dungeon.
You were not hungry.

You visited 1 branch of the dungeon, and saw 3 of its levels.

You collected 122 gold pieces.

Inventory:

Hand Weapons
 a - a +0 mace (weapon)
Armour
 b - a +0 robe (worn)
 c - a +0 hat (worn)
Jewellery
 d - an amulet of guardian spirit (around neck)
 h - an uncursed ring of ice
Scrolls
 f - 4 scrolls of identify
 i - 2 scrolls of blinking {unknown}
 j - 3 scrolls of remove curse {unknown}
Potions
 g - a potion of brilliance {unknown}
Comestibles
 e - 6 rations {!d}
 k - a chunk of flesh


   Skills:
 - Level 3.2 Fighting
 + Level 4.7 Maces & Flails
 - Level 2.4 Dodging
 - Level 2.4 Stealth
   Level 2.1 Invocations


You had 2 spell levels left.
You didn't know any spells.
Your spell library was empty.

Dungeon Overview and Level Annotations

Branches:
Dungeon (3/12)

Altars:

Annotations:
D:3 Crazy Yiuf


Innate Abilities, Weirdness & Mutations

You are resistant to torment.
Your stone body is resilient. (AC +3)
You are immune to poison.
You resist negative energy. (rN+)
You are resistant to electric shocks. (rElec)
You can survive without breathing.
You are immune to petrification.
You are immune to rotting.


Message History

Crazy Yiuf laughs, "Fire shoe tortoise!"
Crazy Yiuf closely misses you.
You hit Crazy Yiuf.
Crazy Yiuf is heavily wounded.
You hit Crazy Yiuf but do no damage.
Crazy Yiuf is heavily wounded.
Crazy Yiuf hits you but does no damage.
You closely miss Crazy Yiuf.
Crazy Yiuf is heavily wounded.
Crazy Yiuf screams, "Shadow sallow snockshim!"
Crazy Yiuf misses you.
You hit Crazy Yiuf.
Crazy Yiuf is almost dead.
Crazy Yiuf barely misses you.
You closely miss Crazy Yiuf.
Crazy Yiuf is almost dead.
You closely miss Crazy Yiuf.
Crazy Yiuf is almost dead.
Crazy Yiuf hits you with a +2 quarterstaff of chaos.
You die...

#.# #.# ##.# #.#
...# #.# ####.
##.#####.# ..#.
.........# #.#.
........## #######
#.>. .#.####.#
########.#...####...
.#.# #.#
#...##..#......##...
.#.# #.#
#.g@'.####.#....#...
.#.####.## #)..###
##..#......
.........# #####
#######...
...####..# ####..#
.....##..# #.....#
..##.##..# #####.#
.........####### #..
..##.###.#.....# ###
..##.###.#.....####


You could see Crazy Yiuf.

Vanquished Creatures
  2 worms
  2 dart slugs
  3 bats
  2 giant cockroaches
  6 hobgoblins
  A jackal (D:2)
  6 kobolds
  2 quokkas
  4 frilled lizards
  7 goblins
  9 rats
44 creatures vanquished.

Notes
Turn   | Place    | Note
-------+----------+-------------------------------------------
     0 | D:1      | Edwards80 the Gargoyle Monk began the quest for the Orb.
     0 | D:1      | Reached XP level 1. HP: 14/14 MP: 2/2
   314 | D:1      | Reached XP level 2. HP: 19/19 MP: 3/3
   837 | D:2      | Reached skill level 4 in Maces & Flails
   872 | D:2      | Reached XP level 3. HP: 3/23 MP: 0/4
  1922 | D:3      | Found a runed door.
  1926 | D:3      | Noticed Crazy Yiuf
  1942 | D:3      | Slain by Crazy Yiuf

Skill      XL: |  1  2 |
---------------+-------+-----
Maces & Flails | 4 |  4.7
Fighting       | |  3.2
Dodging        | |  2.4
Stealth        | |  2.4
Invocations    | |  2.1

Action                   || total
-------------------------++-------
Melee: Mace              ||   145
  Use: Scroll            ||     1
 Stab: Sleeping          ||     7
       Distracted        ||     1
  Eat: Chunk             ||     3
Armor: Robe              ||    57
Dodge: Dodged            ||    93
